 Dungeon Crawl Stone Soup version 0.24.0-123-gd5b16e6ec5 (webtiles) character file.

Game seed: 14525583973608130079, levelgen mode: deterministic

4300 ANON1729 the Skirmisher (level 10, 0/106 HPs)
             Began as a Demonspawn Gladiator on Dec 28, 2019.
             Was a Follower of Makhleb.
             Slain by a hornet (3 damage)
             ... on level 8 of the Dungeon.
             The game lasted 00:22:45 (11349 turns).

ANON1729 the Skirmisher (Demonspawn Gladiator)     Turns: 11349, Time: 00:22:45

Health: 0/106      AC: 25    Str: 14 (16) XL:     10   Next: 11%
Magic:  14/14      EV:  2    Int: 20 (21) God:    Makhleb [*.....]
Gold:   456        SH:  5    Dex: 20 (22) Spells: 9/9 levels left

rFire    + . .     SeeInvis .   F - staff of death
rCold    + . .     Gourm    .   (no shield)
rNeg     + + +     Faith    .   (armour currently unavailable)
rPois    +         Spirit   .   (helmet currently unavailable)
rElec    +         Reflect  +   (cloak currently unavailable)
rCorr    +         Harm     .   (gloves currently unavailable)
MR       .....     NoTele   +   (boots currently unavailable)
Stlth    +++.......             x - +5 amulet of reflection
HPRegen  0.27/turn              A - +5 ring of intelligence
MPRegen  0.14/turn              (no ring)

@: brilliant, agile, lethally poisoned (0 -> -2), tree-form, resistant
A: frail 1, powered by pain 2, strong 1, evolution 1, augmentation 1, flame
cloud immunity
a: Renounce Religion


You were on level 8 of the Dungeon.
You worshipped Makhleb.
Makhleb was aware of your devotion.
You were not hungry.
You were a tree.
You visited 2 branches of the dungeon, and saw 9 of its levels.
You also visited: Ossuary.

You collected 512 gold pieces.
You spent 56 gold pieces at shops.

Inventory:

Hand Weapons
 a - a +0 quarterstaff
Missiles
 d - 3 throwing nets (quivered)
Armour
 b - a +0 leather armour
 c - a +0 helmet
 q - a +0 scale mail (melded)
 E - a +1 helmet (melded)
Magical Staves
 F - an uncursed staff of death (weapon)
Jewellery
 x - a +5 amulet of reflection (around neck)
 A - a +5 ring of intelligence (left branch)
Wands
 u - a wand of digging (7)
 y - a wand of acid (4)
Scrolls
 g - 3 scrolls of magic mapping
 i - 2 scrolls of enchant weapon
 j - 3 scrolls of amnesia
 k - 2 scrolls of fear
 m - a scroll of identify
 n - 3 scrolls of remove curse
 o - 5 scrolls of teleportation
 p - 4 scrolls of blinking
 t - a scroll of fog {unknown}
 v - 2 scrolls of enchant armour
 B - 2 scrolls of vulnerability {unknown}
Potions
 e - a potion of degeneration
 s - 4 potions of magic
 z - a potion of flight
Comestibles
 f - 14 rations


   Skills:
 + Level 7.3 Fighting
 + Level 7.0 Staves
 + Level 6.6 Throwing
 + Level 7.0 Dodging
 + Level 5.4 Invocations


You had 9 spell levels left.
You didn't know any spells.
Your spell library was empty.

Dungeon Overview and Level Annotations

Branches:
Dungeon (8/15)             Temple (1/1) D:5         Ossuary (visited)
   Lair: D:8-11

Altars:
Ashenzari
Cheibriados
Dithmenos
Elyvilon
Fedhas
Gozag
Hepliaklqana
Kikubaaqudgha
Makhleb
Nemelex Xobeh
Okawaru
Qazlal
Ru
Sif Muna
Trog
Uskayaw
Vehumet
Wu Jian
Xom
Zin
The Shining One

Shops:
D:4 ?   D:8 *

Annotations:
D:8 1 runed translucent door


Innate Abilities, Weirdness & Mutations

((You have large cloven feet.))
((You are partially covered in thin metallic scales. (AC +2)))
((Your flesh is heat resistant. (rF+)))
You sometimes gain power by taking damage.
Your magical and physical power is slightly enhanced at high health.
You are immune to clouds of flame.
You are frail. (-10% HP)
Your muscles are strong. (Str +2)
You evolve.


Message History

The hornet is severely wounded.
You feel less wooden.
Your +1 helmet unmelds from your body.
Your +0 scale mail unmelds from your body.
The hornet barely misses you. x2
Really quaff the potion of lignification?
You turn into a tree.
Your +1 helmet melds into your body.
Your +0 scale mail melds into your body.
Your roots penetrate the ground.
You feel sick.
The hornet stings you but does no damage.
Unknown command.
Evoke which item? (* to show all) (? for menu, Esc to quit)
That's the wrong kind of item! (Use * to select it.) Evoke which item? (* to show all) (? for menu, Esc to quit)
Aiming: Corrosive Bolt
Press: ? - help, Shift-Dir - straight line The bolt of acid misses the hornet.
The hornet stings you but does no damage.
The hornet stings you.
You die...

##.#.....# ##########
#.##..### #####
..##..###### ##...##
##..........# #.....#
##########.#####......
#.#.# #.............#
#.#.##............##
#y#.....#######.###
#♣##.#.# ##.### ###
####.#.# ##.#.## #.#
#.####.#####.###.# #.#
#...........## ##. #.#
######.#####.###.#
#.########.# ##.#.##
#..........#######.##
##########.........#
###########


You could see a hornet.

Vanquished Creatures
  2 gargoyles (D:7)
  A hornet (D:8)
  Prince Ribbit (D:7)
  A hippogriff (D:5)
  Sigmund (D:4)
  A soldier ant (D:8)
  Duvessa (D:6)
  An ice beast (D:6)
  2 sky beasts
  2 black bears
  A phantom (D:4)
  A necrophage (D:8)
  2 centaurs
  3 ogres
  A crocodile (D:7)
  2 elf zombies (Ossuary)
  2 bullfrogs
  Dowan (D:6)
  3 scorpions
  2 centaur zombies
  A crimson imp (D:7)
  2 hounds
  3 jellies
  3 bullfrog zombies
  A human zombie (Ossuary)
  3 orc priests
  6 orc wizards
  2 centaur skeletons
  A bullfrog skeleton (D:6)
  An iguana (D:6)
  Natasha (twice) (D:4)
  3 worker ants
  2 mummies (Ossuary)
  A worker ant zombie (D:7)
  5 gnolls
  A howler monkey skeleton (D:6)
  9 adders
  2 shadow imps
  2 oozes
  2 worms
  3 dart slugs
  4 leopard geckos
  27 orcs
  4 giant cockroaches
  8 hobgoblins
  2 jackals (D:6)
  3 quokkas
  13 bats
  6 frilled lizards
  6 goblins
  A goblin zombie (Ossuary)
  13 hobgoblin zombies (Ossuary)
  2 jackal zombies (Ossuary)
  7 kobolds
  11 kobold zombies (Ossuary)
  3 orc zombies (Ossuary)
  2 quokka skeletons
  10 rats
  3 rat zombies (Ossuary)
  A plant (D:3)
212 creatures vanquished.

Vanquished Creatures (others)
  A human (D:5)
  4 withered plants (D:8)
5 creatures vanquished.

Grand Total: 217 creatures vanquished

Notes
Turn   | Place    | Note
-------+----------+-------------------------------------------
     0 | D:1      | ANON1729 the Demonspawn Gladiator began the quest for the
                  | Orb.
     0 | D:1      | Reached XP level 1. HP: 16/16 MP: 1/1
    38 | D:1      | Gained mutation: Your flesh is heat resistant. (rF+)
                  | [demonic ancestry]
    38 | D:1      | Reached XP level 2. HP: 17/22 MP: 2/2
   351 | D:1      | Gained mutation: You are immune to clouds of flame.
                  | [demonic ancestry]
   351 | D:1      | Reached XP level 3. HP: 22/28 MP: 3/3
  1752 | D:2      | Reached XP level 4. HP: 21/34 MP: 4/4
  2817 | D:3      | Gained mutation: You sometimes gain a little power by
                  | taking damage. [demonic ancestry]
  2817 | D:3      | Reached XP level 5. HP: 35/41 MP: 5/5
  3613 | D:4      | Found Ofeor's Magic Scroll Shoppe.
  3622 | D:4      | Bought a scroll of identify for 28 gold pieces
  3622 | D:4      | Bought a scroll of noise for 14 gold pieces
  3622 | D:4      | Bought a scroll of random uselessness for 14 gold pieces
  3641 | D:4      | Noticed a phantom
  3729 | D:4      | Killed a phantom
  3729 | D:4      | Gained mutation: You are partially covered in thin metallic
                  | scales. (AC +2) [demonic ancestry]
  3729 | D:4      | Reached XP level 6. HP: 19/47 MP: 6/6
  3799 | D:4      | Noticed Sigmund
  4001 | D:4      | Killed Sigmund
  4032 | D:4      | Found a sand-covered staircase.
  4037 | Ossuary  | Entered an ossuary
  4266 | Ossuary  | Reached XP level 7. HP: 32/54 MP: 7/7
  4292 | Ossuary  | Gained mutation: You are frail. (-10% HP) [potion of
                  | mutation]
  4292 | Ossuary  | Gained mutation: You have sharp toenails. [potion of
                  | mutation]
  4292 | Ossuary  | Gained mutation: You evolve. [potion of mutation]
  4292 | Ossuary  | Gained mutation: Your muscles are strong. (Str +2) [potion
                  | of mutation]
  5230 | D:4      | Found a shadowy altar of Dithmenos.
  5511 | D:4      | Noticed Natasha
  5517 | D:4      | Killed Natasha
  5751 | D:4      | Reached skill level 5 in Staves
  5779 | D:4      | Noticed Natasha
  6021 | D:4      | Killed Natasha
  6021 | D:4      | Reached skill level 5 in Fighting
  6021 | D:4      | Reached skill level 5 in Dodging
  6021 | D:4      | Lost mutation: You have sharp toenails. [demonic ancestry]
  6021 | D:4      | Gained mutation: You have large cloven feet. [demonic
                  | ancestry]
  6021 | D:4      | Reached XP level 8. HP: 31/55 MP: 8/8
  6287 | D:5      | Entered Level 5 of the Dungeon
  6930 | D:5      | Noticed a hippogriff
  6938 | D:5      | Killed a hippogriff
  6938 | D:5      | Reached skill level 5 in Throwing
  7119 | D:5      | Found a stormy altar of Qazlal.
  7119 | D:5      | Found a sparkling altar of Nemelex Xobeh.
  7120 | D:5      | Found a white marble altar of Elyvilon.
  7934 | D:5      | Found an ancient bone altar of Kikubaaqudgha.
  7973 | D:5      | Found a staircase to the Ecumenical Temple.
  7984 | Temple   | Entered the Ecumenical Temple
  8177 | Temple   | Became a worshipper of Makhleb the Destroyer
  8387 | D:6      | Reached skill level 1 in Invocations
  8777 | D:6      | Gained mutation: You sometimes gain power by taking damage.
                  | [demonic ancestry]
  8777 | D:6      | Reached XP level 9. HP: 32/62 MP: 10/10
  9673 | D:7      | Found a bloodstained altar of Trog.
  9681 | D:7      | Reached * piety under Makhleb
  9684 | D:7      | Noticed Prince Ribbit
  9704 | D:7      | Killed Prince Ribbit
  9750 | D:7      | Noticed Dowan
  9750 | D:7      | Noticed Duvessa
 10204 | D:6      | Killed Duvessa
 10204 | D:6      | Killed Dowan
 10566 | D:7      | Noticed a gargoyle
 10575 | D:7      | Killed a gargoyle
 10730 | D:7      | Noticed a gargoyle
 10750 | D:7      | Killed a gargoyle
 10760 | D:7      | HP: 4/96 [poisoned by a gargoyle]
 10763 | D:7      | HP: 1/64 [poisoned by a gargoyle]
 11029 | D:8      | Found a runed translucent gate.
 11029 | D:8      | Found Ruatreic's Elemental Accessories.
 11035 | D:7      | Reached skill level 5 in Invocations
 11105 | D:8      | Gained mutation: Your magical and physical power is
                  | slightly enhanced at high health. [demonic ancestry]
 11105 | D:8      | Reached XP level 10. HP: 68/71 MP: 13/13
 11339 | D:8      | HP: 5/106 [poisoned by a soldier ant]
 11345 | D:8      | HP: 4/106 [hornet (4)]
 11349 | D:8      | Slain by a hornet

Levels and vault maps discovered:
D:1:      evilmike_arrival_crescent, layout_basic, minmay_tiny_reverse_x
D:2:      layout_basic
D:3:      layout_rooms, serial_forest, infiniplex_forest_clump_medium,
          infiniplex_forest_clump_small, infiniplex_forest_lined_2,
          infiniplex_forest_clump_cross, infiniplex_forest_lined_2,
          first_ration, minivault_26, kennysheep_generic_room_11
D:4:      layout_layer_cave, serial_shops, shop_statue, enter_ossuary_2,
          nicolae_dithmenos_shadow_blocks, uniq_natasha, uniq_sigmund
D:5:      layout_loops_ring, minitemple, temple_hall, tgw_kikubaaqudgha
D:6:      layout_cave_pools, grunt_ministairs_12, kennysheep_cross_bottleneck,
          grunt_decor_arrowhead
D:7:      cheibrodos_statue_roulette, layout_cave_pools, bloody_trog,
          uniq_prince_ribbit1, uniq_duvessa
D:8:      layout_loops_ring, gammafunk_temple_overflow_wave, serial_undead,
          serial_undead_e, serial_undead_e, serial_undead_b, serial_undead_c,
          gammafunk_ghost_icy, hangedman_pestilent_swarm,
          nicolae_elemental_shop, makhleb_altar_promises_db
Temple:   regret_index_temple_generic_petals

Skill      XL: |  1  2  3  4  5  6  7  8  9 10 |
---------------+-------------------------------+-----
Throwing       | 2 3 4 5 6 |  6.6
Staves         | 3 4 5 6 7 |  7.0
Dodging        | 3 4 5 6 7 |  7.0
Fighting       | 3 4 5 6 7 |  7.3
Invocations    | 1 5 |  5.4

Action                   |  1- 3 |  4- 6 |  7- 9 | 10-12 || total
-------------------------+-------+-------+-------+-------++-------
Melee: Quarterstaff      |   106 |   281 |   511 |     4 ||   902
       Kick              |       |       |   170 |     2 ||   172
       Staff             |       |       |       |    73 ||    73
Throw: Throwing net      |       |     5 |     1 |       ||     6
Evoke: Wand              |       |       |     5 |     6 ||    11
  Use: Scroll            |       |     4 |     5 |       ||     9
       Potion            |       |     1 |     8 |     7 ||    16
  Eat: Chunk             |     2 |     8 |    16 |     1 ||    27
       Ration            |       |       |     2 |       ||     2
Armor: Leather armour    |    34 |    10 |       |       ||    44
       Scale mail        |       |   120 |   195 |     1 ||   316
       Skin              |       |       |    59 |    59 ||   118
Dodge: Dodged            |    83 |   157 |   289 |    14 ||   543
Block: Other             |       |       |    62 |    13 ||    75
       Reflection        |       |       |     3 |       ||     3
